Map: Shrines of Lizul

Players

Musumeci

  • Race: Zerg Zerg
  • League: Diamond
  • Spawn Location: 3:00

MichyMoko

  • Race: Zerg Zerg
  • Spawn Location: 12:00

epic - Winner!

  • Race: Terran Terran
  • Spawn Location: 9:00

slax - Winner!

  • Race: Terran Terran
  • Spawn Location: 6:00

VOD

Have the link to the VOD?

Description

Time

  • Played on: March 26, 2017, 3:36 p.m.
  • Length: 5:59
Show
View Real Time Build Order
Export as new Build Order

Musumeci Zerg 

Build Orders: Pool First 

Get SALT Encoding   

  12  0:01  Drone  
  13  0:08  Drone  
  14  0:18  Drone, Extractor  
  15  0:34  Spawning Pool  
  14  0:39  Drone, Extractor  
  15  0:44  Extractor  
  14  1:06  Hatchery  
  13  1:36  Drone  
  13  1:39  Overlord  
  14  1:45  Extractor  
  13  1:53  Queen, Spore Crawler  
  16  2:09  Metabolic Boost  
  16  2:13  Drone x2  
  16  2:14  Drone  
  19  2:18  Zergling x2  
  20  2:33  Drone x2  
  20  2:35  Drone  
  23  2:47  Roach Warren  
  23  2:51  Drone x3  
  23  2:57  Drone  
  26  3:04  Drone x2  
  27  3:27  Zergling x2  
  27  3:29  Overlord  
  28  3:46  Queen, Overlord x2  
  29  4:03  Zergling x14  
  36  4:23  Roach  
  36  4:24  Roach x3  
  36  4:39  Zergling x2  
  36  4:40  Zergling x8  
  36  4:42  Roach  
  36  4:43  Queen x2  
  28  5:08  Zergling x6  
  28  5:09  Zergling x2  
  32  5:16  Zergling x4  
  28  5:39  Drone x4  
Show
View Real Time Build Order
Export as new Build Order

MichyMoko Zerg 

Build Orders: Pool First 

Get SALT Encoding   

  12  0:01  Drone  
  13  0:25  Drone, Overlord  
  14  0:39  Spawning Pool  
  14  0:40  Drone  
  14  0:43  Drone  
  14  0:46  Extractor  
  14  0:49  Drone  
  15  0:58  Drone  
  16  1:10  Drone  
  17  1:27  Drone  
  18  1:33  Hatchery  
  18  1:36  Queen  
  19  1:40  Zergling x2  
  19  1:45  Drone  
  21  1:56  Drone  
  22  2:03  Overlord  
  22  2:09  Metabolic Boost  
  22  2:21  Queen  
  24  2:24  Overlord  
  24  2:26  Drone  
  25  2:39  Drone  
  26  2:50  Roach Warren  
  25  2:53  Drone x3  
  25  2:55  Zergling x2  
  25  2:58  Drone  
  30  3:05  Queen  
  30  3:10  Drone  
  33  3:33  Drone  
  33  3:34  Drone  
  35  3:36  Roach  
  35  3:37  Roach  
  35  3:39  Roach x2  
  41  4:05  Roach  
  41  4:07  Overlord x3  
  41  4:12  Roach  
  41  4:17  Roach  
  41  4:19  Overlord  
  41  4:23  Queen  
  41  4:26  Zergling x2  
  41  4:27  Zergling x2  
  41  4:28  Zergling x8  
  31  4:39  Roach x2  
  34  4:49  Roach  
  35  4:54  Roach  
  35  4:59  Roach  
  39  5:02  Roach  
  40  5:12  Roach x2  
Show
View Real Time Build Order
Export as new Build Order

epic Terran - Winner!

Build Orders: Hellion Opening 

Get SALT Encoding   

  12  0:00  SCV  
  13  0:12  SCV  
  14  0:19  Supply Depot  
  14  0:25  SCV  
  15  0:29  Refinery  
  15  0:40  SCV  
  16  0:46  Barracks  
  16  0:52  SCV  
  17  1:05  SCV  
  18  1:17  SCV  
  19  1:32  Orbital Command  
  19  1:35  Supply Depot  
  19  1:41  Factory  
  19  1:54  Barracks Reactor  
  19  2:02  SCV  
  20  2:11  Command Center  
  20  2:18  SCV  
  21  2:30  SCV  
  21  2:36  Hellion x2  
  26  2:42  Refinery, SCV  
  27  2:55  SCV  
  28  3:00  Hellion  
  28  3:04  Barracks Tech Lab  
  30  3:06  Factory  
  30  3:07  SCV  
  30  3:11  Supply Depot  
  31  3:23  Orbital Command, SCV, Hellion  
  34  3:30  Hellion  
  36  3:34  Factory  
  36  3:40  Orbital Command  
  36  3:47  SCV  
  37  3:50  Supply Depot  
  37  3:54  Hellion x2  
  41  4:08  Factory Reactor  
  41  4:41  Hellion x2  
  45  5:02  Factory Tech Lab  
  45  5:05  Hellion x4  
  49  5:26  Hellion x2  
  49  5:27  Hellion  
Show
View Real Time Build Order
Export as new Build Order

slax Terran - Winner!

Build Orders: Cyclone Opening 

Get SALT Encoding   

  12  0:00  SCV  
  13  0:12  SCV  
  14  0:19  Supply Depot  
  14  0:25  Refinery  
  14  0:32  SCV  
  15  0:43  Barracks  
  15  0:46  SCV  
  16  1:00  SCV, Refinery  
  17  1:29  Orbital Command  
  17  1:32  Factory  
  17  1:42  Supply Depot  
  17  1:48  Barracks Reactor  
  17  1:55  SCV  
  18  2:19  SCV  
  19  2:29  Cyclone x2  
  25  2:40  SCV  
  25  2:41  Marine  
  27  2:44  Supply Depot  
  27  2:52  SCV  
  28  3:02  Cyclone  
  31  3:06  SCV, Cyclone  
  35  3:21  Marine  
  35  3:22  SCV  
  37  3:34  SCV  
  38  3:51  SCV  
  38  3:54  Supply Depot  
  39  3:55  Command Center  
  39  4:16  Cyclone  
  42  4:26  Cyclone  
  44  5:06  Cyclone x2  
  47  5:10  SCV  
  47  5:13  Factory  
  47  5:14  Orbital Command  
  47  5:15  Factory  
  47  5:19  Command Center  
  40  5:55  Supply Depot  
Tags
 
Add a new tag
Caveats
  • Supply blocks, unpowered buildings, or Contaminate may cause inaccurate times.
  • Supply counts are checked every 10 seconds.